 Dungeon Crawl Stone Soup version 0.26-a0-606-g3c8f2f6 (webtiles) character file.

Game seed: 15968626747445276381

25 thriggle the Chiller (level 2, -3/20 HPs)
             Began as a Mummy Ice Elementalist on Aug 31, 2020.
             Killed from afar by Natasha (9 damage)
             ... with a puff of flame
             ... on level 1 of the Dungeon.
             The game lasted 00:04:13 (1124 turns).

thriggle the Chiller (Mummy Ice Elementalist)       Turns: 1124, Time: 00:04:14

Health: -3/20      AC:  2    Str: 11    XL:     2   Next: 82%
Magic:  4/6        EV: 12    Int: 14    God:
Gold:   28         SH:  0    Dex: 12    Spells: 6/7 levels left

rFire    x . .     SeeInvis .   (no weapon)
rCold    + . .     Faith    .   (no shield)
rNeg     + + +     Spirit   .   a - +0 robe
rPois    ∞         Reflect  .   (no helmet)
rElec    .         Harm     .   (no cloak)
rCorr    .                      (no gloves)
MR       .....                  (no boots)
Stlth    ++........             (no amulet)
HPRegen  0.06/turn              (no ring)
MPRegen  0.10/turn              (no ring)

@: no status effects
A: no potions, fire vulnerability, cold resistance 1, negative energy resistance
3, torment resistance, unbreathing
a: no special abilities


You were on level 1 of the Dungeon.
You visited 1 branch of the dungeon, and saw 2 of its levels.

You collected 28 gold pieces.

Inventory:

Hand Weapons
 d - a +0 dagger
Armour
 a - a +0 robe (worn)
Scrolls
 b - a scroll of magic mapping
 c - a scroll of identify
 e - a scroll of fog
 f - a scroll of immolation {unknown}
 g - a scroll of remove curse {unknown}


   Skills:
 + Level 0.8 Fighting
 + Level 1.8 Dodging
 + Level 2.0 Stealth
 + Level 3.0 Spellcasting
 + Level 3.4 Ice Magic


You had 6 spell levels left.
You knew the following spells:

 Your Spells              Type           Power        Failure   Level
a - Freeze                Ice            ##..         5%          1

Your spell library contained the following spells:

 Spells                   Type           Power        Failure   Level
 Frozen Ramparts          Ice            ##....       16%         3
 Ozocubu's Armour         Ice            ##......     16%         3
 Hailstorm                Conj/Ice       #.......     71%         4
 Summon Ice Beast         Ice/Summ       #.......     71%         4


Dungeon Overview and Level Annotations

Branches:
Dungeon (2/15)

Altars:

Annotations:
D:1 Natasha


Innate Abilities, Weirdness & Mutations

You do not drink.
Your flesh is vulnerable to fire.
You are immune to poison.
Your flesh is cold resistant. (rC+)
You are immune to negative energy. (rN+++)
You are immune to unholy pain and torment.
You can survive without breathing.


Message History

Natasha zaps a wand.
The puff of flame misses you.
Casting: Freeze (safe; 5% risk of failure)
Confirm with . or Enter, or press ? or * to list all spells.
Aiming: Freeze (safe; 5% risk of failure)
Press: ? - help, Shift-Dir - straight line, f - Natasha, p - adder
Aim: Natasha, carrying a wand of flame (15)
You freeze Natasha.
Natasha is moderately wounded.
Natasha barely misses you.
Casting: Freeze (safe; 5% risk of failure)
Confirm with . or Enter, or press ? or * to list all spells.
Okay, then.
As you read the scroll labeled WURPHU RIUHOIN, it crumbles to dust.
You feel aware of your surroundings.
It was a scroll of magic mapping.
The adder is no longer moving slowly.
Natasha completely misses you.
As you read the scroll labeled RIORIFEVE, it crumbles to dust.
It is a scroll of identify.
e - a scroll of fog Natasha zaps a wand.
The puff of flame hits you! The fire burns you terribly!
You die...

#.........# #.##.###
#.####.(..# #(##.# #.# #..###
#.##.# #.# #..# #)##.###
###########.## #..# #.##....
#............#
#(.######.##..##
#.#########..###.!.......##..#
#.# #..#.......######..# #.#
#..#@##.###.#####..## #.#
#..#h##.# #.>........ #.#
##..S...###)######.## ###.#
#.#.##....## #.#. ...>#
#.#.##.##.# #.#. ....#
#.#.......# #...
....##########.####.#### ###.
.[..#..........# #.# #.
...##.########## #.# ##


You could see Natasha and an adder.

Vanquished Creatures
  3 leopard geckos (D:1)
  2 giant cockroaches (D:1)
  3 goblins (D:1)
  2 hobgoblins (D:1)
  2 bats (D:1)
  A frilled lizard (D:1)
  4 kobolds (D:1)
  4 rats (D:1)
21 creatures vanquished.

Notes
Turn   | Place    | Note
-------+----------+-------------------------------------------
     0 | D:1      | thriggle the Mummy Ice Elementalist began the quest for the
                  | Orb.
     0 | D:1      | Reached XP level 1. HP: 13/13 MP: 4/4
   230 | D:1      | Reached XP level 2. HP: 20/20 MP: 2/5
  1113 | D:2      | Noticed Natasha
  1124 | D:1      | Killed from afar by Natasha

Illustrated notes

Levels and vault maps discovered:
D:1:      saegor_arrival_under_anarchy, layout_loops_ring
D:2:      layout_rooms, overflow_temple_1_default, tso_altar, uniq_natasha,
          uniq_sigmund, uniq_jessica

Skill      XL: |  1  2 |
---------------+-------+-----
Spellcasting   | 3 |  3.0
Stealth        | 2 |  2.0
Fighting       | |  0.8
Dodging        | |  1.8
Ice Magic      | |  3.4

Action                   || total
-------------------------++-------
Melee: Unarmed           ||     8
 Cast: Freeze            ||    30
  Use: Scroll            ||     2
Armor: Robe              ||     6
Dodge: Dodged            ||    28

Table legend: (Time is in decaauts)
 A = Elapsed time spent in this place.
 B = Non-inter-level travel time spent in this place.
 C = Inter-level travel time spent in this place.
 D = Time resting spent in this place.
 E = Time spent auto-exploring this place.
 F = Levels seen in this place.
 G = Mean time per level.
                   A        B        C        D        E       F      G
               +--------+--------+--------+--------+--------+-----+--------+
         Total |   1124 |   1086 |     38 |    136 |    758 |   2 |  562.0 |
       Dungeon |   1124 |   1086 |     38 |    136 |    758 |   2 |  562.0 |
               +--------+--------+--------+--------+--------+-----+--------+

Top non-repeatable levels by time:
     D:1: 1119 daAuts
     D:2: 4 daAuts
